 Dungeon Crawl Stone Soup version 0.25-a0-1007-g10a8c3caa8 (webtiles) character file.

Game seed: 17935344204258935165, levelgen mode: classic

9104 Amnesiac the Gelid (level 11, 0/54 HPs)
             Began as a Deep Elf Ice Elementalist on May 11, 2020.
             Was an Elder of Vehumet.
             Slain by an orc
             ... wielding a +0 club
              (3 damage)
             ... on level 2 of the Orcish Mines.
             The game lasted 00:24:30 (9410 turns).

Amnesiac the Gelid (Deep Elf Ice Elementalist)      Turns: 9410, Time: 00:24:31

Health: 0/54       AC:  9    Str:  5    XL:     11   Next: 18%
Magic:  29/29      EV: 13    Int: 33    God:    Vehumet [****..]
Gold:   999        SH:  0    Dex: 17    Spells: 15/35 levels left

rFire    + + .     SeeInvis +   a - +5 spear of Cobwebs {flame, rN+ MR+ Int+6 Dex+2}
rCold    x . .     Gourm    .   (no shield)
rNeg     + . .     Faith    .   x - +1 robe {rF+}
rPois    .         Spirit   .   g - +2 helmet
rElec    .         Reflect  .   d - +0 cloak
rCorr    .         Harm     .   J - +0 pair of gloves
MR       +....                  u - +0 pair of boots
Stlth    ++........             (no amulet)
HPRegen  0.18/turn              m - ring of wizardry
MPRegen  0.21/turn              y - ring "Sarocogi" {Fire MR- Int+3 SInv}

@: about to teleport
A: no striking features
a: Renounce Religion


You were on level 2 of the Orcish Mines.
You worshipped Vehumet.
Vehumet was greatly pleased with you.
You were not hungry.

You visited 3 branches of the dungeon, and saw 12 of its levels.

You collected 999 gold pieces.

Inventory:

Hand Weapons
 a - the +5 spear of Cobwebs (weapon) {flame, rN+ MR+ Int+6 Dex+2}
   (You found it on level 8 of the Dungeon)

   It has been specially enchanted to burn those struck by it, causing extra
   injury to most foes and up to half again as much damage against particularly
   susceptible opponents.
   It affects your intelligence (+6).
   It affects your dexterity (+2).
   It protects you from negative energy.
   It affects your resistance to hostile enchantments.
 b - a +5 dagger of venom
 w - a +2 vorpal war axe
Missiles
 H - 19 poisoned darts (quivered)
Armour
 d - a +0 cloak (worn)
 g - a +2 helmet (worn)
 u - a +0 pair of boots (worn)
 x - a +1 robe of fire resistance (worn)
 C - the cursed +1 scale mail of the Stag {*Corrode MR+++ Dex+5, unknown}
   (You found it on level 8 of the Dungeon)

   It affects your dexterity (+5).
   It affects your resistance to hostile enchantments.
   It may corrode you when you take damage.
   It has a curse placed upon it.
 J - a +0 pair of gloves (worn)
Jewellery
 m - a ring of wizardry (left hand)
 y - the ring "Sarocogi" (right hand) {Fire MR- Int+3 SInv}
   (You found it on level 7 of the Dungeon)

   [ring of fire]

   It enhances your fire magic.
   It affects your intelligence (+3).
   It protects you from fire.
   It makes you vulnerable to cold.
   It affects your resistance to hostile enchantments.
   It lets you see invisible.
Wands
 f - a wand of polymorph (7)
 k - a wand of flame (1)
 B - a wand of clouds (6)
 I - a wand of acid (8)
Scrolls
 e - a scroll of remove curse {!r}
 p - a scroll of enchant armour {!r}
 r - 2 scrolls of teleportation {!r}
 t - a scroll of blinking {!r}
 D - 2 scrolls of fear {!r}
 G - 3 scrolls of identify {!r}
 K - a scroll of noise {!r, unknown}
Potions
 h - 5 potions of haste {!q, unknown}
 i - a potion of curing {!q, unknown}
 j - a potion of experience {!q, unknown}
 l - a potion of degeneration {!q, unknown}
 n - a potion of brilliance {!q, unknown}
 o - 3 potions of stabbing {!q, unknown}
 q - a potion of might {!q, unknown}
 s - a potion of heal wounds {!q, unknown}
 z - a potion of resistance {!q, unknown}
 A - 2 potions of lignification {!q, unknown}
 E - a potion of mutation {!q, unknown}
 F - a potion of flight {!q, unknown}
Comestibles
 c - 20 rations
 v - 2 chunks of flesh


   Skills:
 + Level 2.5 Dodging
 - Level 3.0 Stealth
 + Level 12.8 Spellcasting
 * Level 15.1 Ice Magic
 - Level 3.0 Evocations


You had 15 spell levels left.
You knew the following spells:

 Your Spells              Type           Power        Failure   Level  Hunger
a - Freeze                Ice            ####         0%          1    None
b - Frozen Ramparts       Ice            ######       0%          3    None
c - Summon Ice Beast      Ice/Summ       ######..     1%          4    None
d - Hailstorm             Conj/Ice       ######..     1%          4    None
e - Metabolic Englaciati  Hex/Ice        ######....   1%          5    None
z - Ozocubu's Armour      Chrm/Ice       ######..     1%          3    None

Your spell library contained the following spells:

 Spells                   Type           Power        Failure   Level  Hunger
 Stone Arrow              Conj/Erth      ###...       1%          3    None
 Confusing Touch          Hex            ###.....     2%          3    None
 Gell's Gravitas          Tloc           ###.......   2%          3    None
 Yara's Violent Unravell  Hex/Tmut       ###.......   7%          5    None
 Petrify                  Tmut/Erth      ###.....     9%          4    None


Dungeon Overview and Level Annotations

Branches:
Dungeon (9/15)             Temple (1/1) D:4            Lair (0/6) D:9
    Orc (2/2) D:9
    Elf: Orc:2

Altars:
Ashenzari
Cheibriados
Dithmenos
Elyvilon
Fedhas
Gozag
Hepliaklqana
Kikubaaqudgha
Makhleb
Nemelex Xobeh
Okawaru
Qazlal
Ru
Sif Muna
Trog
Uskayaw
Vehumet
Wu Jian
Xom
Yredelemnul
Zin
The Shining One
Beogh

Shops:
Orc:1 *   Orc:2 !

Annotations:
D:7 exclusion: downstairs
D:8 Gastronok


Message History

Evoke which item? (* to show all) (? for menu, Esc to quit)
Okay, then.
There is an escape hatch in the floor here.
You start resting.
Some of the chunks of flesh in your inventory have rotted away.
HP restored.
Evoke which item? (* to show all) (? for menu, Esc to quit)
Okay, then.
Really go through this one-way escape hatch?
You slide downwards.
The hatch slams shut behind you. 21 orcs come into view.
An orc warrior is wielding a +2 mace of draining.
The orc warrior shouts!
The orc priest shouts!
The orc warrior shouts!
The orc shouts! x2; The orc warrior shouts! x3; The orc shouts!
The orc warrior shouts!
The orc knight shouts!
You hear a shout! x4
The orc warrior shouts! x2; You hear a shout! x3
An orc comes into view. It is wielding a +0 hand axe.
An orc priest comes into view. It is wielding a +0 hand axe.
An orc high priest comes into view. It is wielding a +0 trident.
An orc priest comes into view.
The orc priest shouts!
The orc high priest shouts!
The orc shouts!
You hear a shout!
Unknown command.
Really read
r - 3 scrolls of teleportation {!r}?
As you read the scroll of teleportation {!r}, it crumbles to dust.
You feel strangely unstable.
The orc warrior shouts!
The orc shouts!
The orc warrior shouts!
You hear a shout! x4
The orc priest mumbles some strange prayers to Beogh against you.
Pain shoots through your body!
An orc warrior comes into view.
It is wielding a +1 short sword of distortion.
An orc high priest comes into view. It is wielding a +0 hand axe.
The orc high priest hits you with a +0 halberd.
An orc high priest comes into view. It is wielding a +0 mace.
The orc high priest shouts!
The orc warrior shouts!
You hear a shout!
An orc warrior and an orc knight come into view.
The orc knight shouts!
You hear a shout! x2
An orc warrior comes into view. It is wielding a +0 morningstar.
An orc warrior comes into view. It is wielding a +0 dire flail.
An orc knight comes into view.
It is wielding a +2 great mace of protection.
The orc knight hits you but does no damage.
The orc warrior hits you with a +0 flail.
The orc priest begins to cast a cantrip, but forgets the words!
The orc high priest hits you from afar with a +0 halberd!
An orc knight comes into view. It is wielding a +0 broad axe.
The orc priest shouts!
The orc warrior barely misses you. x2
The orc priest hits you but does no damage.
The orc knight roars a battlecry!
The orcs go into a battle-frenzy!
The orc priest begins to cast a cantrip, but forgets the words!
The orc warrior hits you but does no damage.
The orc knight hits you with a +0 battleaxe!
* * * LOW HITPOINT WARNING * * *
You hear a shout!
An orc warrior and an orc high priest come into view.
The orc warrior is wielding a +0 dire flail and quivering 5 boomerangs of dispersal.
The orc warrior closely misses you.
The orc high priest whispers, "I'll spare you if you take my job."
The orc high priest mumbles some strange prayers to Beogh against you.
Beogh smites you!
* * * LOW HITPOINT WARNING * * *
The orc hits you with a +0 club.
You die...

..#...
##......o
#...#.oo#.
##....oo...
#.o..#o..#.
#..........
#..oo#...#o
#.ooo......
#oo@o#...#
##.oooo....
#ooo#o..#.
##o.oo....
#.o#o..#o
##...o...
##o#.##
.... #o


You could see 2 orc knights, 5 orc high priests, 15 orc warriors, 4 orc priests
and 4 orcs.

Vanquished Creatures
  2 two-headed ogres
  2 trolls (Orc:1)
  3 hippogriffs
  Sigmund (D:4)
  5 yaks
  2 hogs (D:8)
  Grum (D:9)
  A human (D:8)
  2 basilisks (D:9)
  2 wargs (Orc:1)
  Duvessa (D:6)
  3 porcupines (D:9)
  A phantom (D:8)
  7 orc warriors
  2 black bears (D:8)
  A necrophage (D:7)
  3 sky beasts
  5 ogres
  3 wolves (D:9)
  A centaur (D:6)
  3 crocodiles (D:9)
  3 bullfrogs
  A gnoll sergeant (D:5)
  Dowan (D:6)
  3 scorpions
  A water moccasin skeleton (D:8)
  4 killer bees (D:9)
  A howler monkey (D:5)
  A bullfrog zombie (D:8)
  3 crimson imps
  5 orc priests
  5 hounds
  3 jellies
  Crazy Yiuf (D:4)
  A bullfrog skeleton (D:9)
  An iguana (D:6)
  9 orc wizards
  A gnoll shaman (D:6)
  8 worker ants
  3 hound zombies
  A hound skeleton (D:8)
  A howler monkey zombie (D:9)
  12 adders
  8 gnolls
  2 shadow imps (D:9)
  An ooze (D:4)
  3 worms
  6 dart slugs
  5 leopard geckos
  54 orcs
  2 ball pythons
  8 giant cockroaches
  6 hobgoblins
  8 jackals
  6 kobolds
  7 quokkas
  11 bats
  4 frilled lizards
  6 goblins
  13 rats
  A plant (D:9)
271 creatures vanquished.

Vanquished Creatures (collateral kills)
  2 ice beasts
2 creatures vanquished.

Vanquished Creatures (others)
  A quokka (D:8)
  3 fungi (D:9)
  8 plants (D:9)
12 creatures vanquished.

Grand Total: 285 creatures vanquished

Notes
Turn   | Place    | Note
-------+----------+-------------------------------------------
     0 | D:1      | Amnesiac the Deep Elf Ice Elementalist began the quest for
                  | the Orb.
     0 | D:1      | Reached XP level 1. HP: 10/10 MP: 6/6
    99 | D:3      | Reached XP level 2. HP: 15/15 MP: 8/8
   126 | D:3      | Reached skill level 5 in Ice Magic
   220 | D:3      | Reached XP level 3. HP: 12/19 MP: 7/10
   225 | D:3      | Learned a level 3 spell: Frozen Ramparts
   229 | D:3      | Learned a level 3 spell: Ozocubu's Armour
   541 | D:4      | Noticed Sigmund
   548 | D:4      | Killed Sigmund
   548 | D:4      | Reached skill level 5 in Spellcasting
   548 | D:4      | Reached skill level 6 in Ice Magic
   548 | D:4      | Reached XP level 4. HP: 24/24 MP: 3/13
   548 | D:4      | Reached XP level 5. HP: 28/28 MP: 3/14
   578 | D:4      | Found a staircase to the Ecumenical Temple.
   586 | D:4      | Reached skill level 7 in Ice Magic
   592 | Temple   | Entered the Ecumenical Temple
   759 | D:2      | Reached XP level 6. HP: 32/32 MP: 13/16
   767 | D:2      | Learned a level 4 spell: Hailstorm
   772 | D:2      | Learned a level 4 spell: Summon Ice Beast
   977 | D:2      | Found an iron altar of Okawaru.
  1541 | D:3      | Found a stormy altar of Qazlal.
  1541 | D:3      | Found a glowing golden altar of the Shining One.
  2309 | D:4      | Found a shattered altar of Ashenzari.
  2454 | D:5      | Entered Level 5 of the Dungeon
  2746 | D:4      | Reached skill level 8 in Ice Magic
  2746 | D:4      | Reached XP level 7. HP: 28/36 MP: 14/18
  2821 | D:4      | Found a runed translucent door.
  2822 | D:4      | Noticed Crazy Yiuf
  2932 | D:4      | Found a burning altar of Makhleb.
  2933 | D:4      | Found a radiant altar of Vehumet.
  2938 | D:4      | Became a worshipper of Vehumet
  3274 | D:4      | Killed Crazy Yiuf
  4132 | D:5      | Reached * piety under Vehumet
  4132 | D:5      | Offered knowledge of Foxfire by Vehumet.
  4205 | D:5      | Noticed a hippogriff
  4221 | D:5      | Killed a hippogriff
  4339 | D:5      | Reached skill level 9 in Ice Magic
  4368 | D:5      | Reached XP level 8. HP: 34/41 MP: 16/21
  5173 | D:6      | Reached skill level 10 in Ice Magic
  5189 | D:6      | Noticed Duvessa
  5189 | D:6      | Noticed Dowan
  5196 | D:6      | Killed Duvessa
  5197 | D:6      | Killed Dowan
  5287 | D:6      | Reached ** piety under Vehumet
  5287 | D:6      | Offered knowledge of Shock by Vehumet.
  5449 | D:6      | You fall into a shaft and drop 1 floor!
  5460 | D:7      | Got a pitted bronze ring
  5461 | D:7      | Identified the ring "Sarocogi" {Fire MR- Int+3 SInv} (You
                  | found it on level 7 of the Dungeon)
  5765 | D:7      | Reached skill level 11 in Ice Magic
  5922 | D:7      | Reached XP level 9. HP: 31/45 MP: 9/24
  6265 | D:7      | Learned a level 5 spell: Metabolic Englaciation
  6306 | D:8      | Found a white marble altar of Elyvilon.
  6306 | D:8      | Noticed Gastronok
  6366 | D:8      | Found a snail-covered altar of Cheibriados.
  6505 | D:8      | Reached skill level 10 in Spellcasting
  6505 | D:8      | Reached skill level 12 in Ice Magic
  6688 | D:8      | Got a steaming spear
  6726 | D:8      | Identified the +5 spear of Cobwebs {flame, rN+ MR+ Int+6
                  | Dex+2} (You found it on level 8 of the Dungeon)
  7002 | D:8      | Noticed a two-headed ogre
  7266 | D:8      | Got a twisted scale mail
  7350 | D:8      | Offered knowledge of Static Discharge by Vehumet.
  7420 | D:8      | Reached skill level 13 in Ice Magic
  7514 | D:8      | Killed a two-headed ogre
  7514 | D:8      | Reached XP level 10. HP: 50/50 MP: 25/27
  7990 | D:9      | Reached skill level 14 in Ice Magic
  8121 | D:9      | Reached *** piety under Vehumet
  8127 | D:9      | Noticed a two-headed ogre
  8144 | D:9      | Killed a two-headed ogre
  8187 | D:9      | Found a staircase to the Lair.
  8260 | D:9      | Noticed Grum
  8266 | D:9      | Killed Grum
  8268 | D:9      | Reached skill level 1 in Evocations
  8419 | D:9      | Offered knowledge of Inner Flame by Vehumet.
  8438 | D:9      | Found a roughly hewn altar of Beogh.
  8438 | D:9      | Found a staircase to the Orcish Mines.
  8449 | D:9      | Reached **** piety under Vehumet
  8505 | D:9      | Reached XP level 11. HP: 40/54 MP: 27/29
  8781 | Orc:1    | Entered Level 1 of the Orcish Mines
  9029 | Orc:2    | Entered Level 2 of the Orcish Mines
  9040 | Orc:2    | Found Adus's Distillery.
  9046 | Orc:2    | Noticed an orc knight
  9051 | Orc:1    | Found Yrudufig's Mass Market.
  9086 | Orc:1    | Reached skill level 15 in Ice Magic
  9298 | Orc:1    | Offered knowledge of Stone Arrow by Vehumet.
  9406 | Orc:2    | Noticed an orc high priest
  9406 | Orc:2    | Noticed an orc knight
  9406 | Orc:2    | Noticed an orc high priest
  9407 | Orc:2    | Noticed an orc high priest
  9407 | Orc:2    | Noticed an orc high priest
  9408 | Orc:2    | Noticed an orc knight
  9408 | Orc:2    | Noticed an orc knight
  9409 | Orc:2    | Noticed an orc knight
  9410 | Orc:2    | Noticed an orc high priest
  9410 | Orc:2    | Slain by an orc

Illustrated notes

Levels and vault maps discovered:
D:1:      dpeg_arrival_pond, layout_basic
D:2:      layout_loops_corners, lemuel_crystal_altar
D:3:      minmay_chambers_of_twos, layout_basic, gammafunk_temple_overflow_wave,
          first_ration
D:4:      layout_loops_ring, grunt_temple_overflow_lords_of_destruction,
          lemuel_doored_altar, minmay_temple_entry_nine_rooms, uniq_sigmund,
          uniq_crazy_yiuf_cottage
D:5:      layout_basic
D:6:      layout_basic, minmay_misc_feat_chi, tso_altar, uniq_duvessa
D:7:      layout_loops_corners
D:8:      layout_basic, elyvilon_altar_4, overflow_temple_1_default,
          grunt_livestock, uniq_gastronok
D:9:      layout_rooms, minmay_lair_entry_grove, david_orc_5, uniq_grum
Temple:   nicolae_temple_great_sept
Orc:1:    layout_caves, minmay_shop_mass, nicolae_orc_lava_room
Orc:2:    st_orc_pillars, layout_caves, basic_altar, serial_shops,
          nicolae_shop_stone, elves_outpost_lemuel

Skill      XL: |  1  2  3  4  5  6  7  8  9 10 11 |
---------------+----------------------------------+-----
Ice Magic      | 5 6 7 8 9 11 13 14 15 | 15.1
Spellcasting   | 5 6 7 9 11 12 | 12.8
Stealth        | 3 |  3.0
Evocations     | 2 3 |  3.0
Dodging        | |  2.5

Action                   |  1- 3 |  4- 6 |  7- 9 | 10-12 || total
-------------------------+-------+-------+-------+-------++-------
Melee: Short sword       |    10 |    26 |    54 |       ||    90
       Unarmed           |     1 |       |       |       ||     1
       Dagger            |       |       |    62 |       ||    62
       Spear             |       |       |    55 |    55 ||   110
Throw: Dart              |       |       |    47 |    11 ||    58
 Cast: Freeze            |    22 |    57 |    16 |    24 ||   119
       Frozen Ramparts   |     2 |    19 |    45 |    32 ||    98
       Hailstorm         |       |       |     8 |     5 ||    13
       Summon Ice Beast  |       |       |     4 |     1 ||     5
       Ozocubu's Armour  |       |       |     1 |       ||     1
  Use: Scroll            |       |       |     7 |     3 ||    10
 Stab: Sleeping          |     4 |     4 |     2 |       ||    10
       Distracted        |       |       |     1 |       ||     1
  Eat: Chunk             |       |     6 |    15 |     6 ||    27
Armor: Robe              |     5 |    13 |    43 |    21 ||    82
Dodge: Dodged            |     9 |    52 |   108 |    63 ||   232

Table legend:
 A = Non-vault XP
 B = Vault XP
 C = Vault XP percentage of total XP
 D = Non-vault monster count
 E = Vault monster count
 F = Vault count percentage of total count
                 A         B        C        D         E       F
            +---------+---------+-------+---------+---------+-------
      Total |    8778 |    4229 |  32.5 |     216 |      56 |  20.6
            +---------+---------+-------+---------+---------+-------
        D:1 |      27 |       0 |   0.0 |      17 |       0 |   0.0
        D:2 |      76 |       0 |   0.0 |      25 |       0 |   0.0
        D:3 |     171 |      48 |  21.9 |      28 |       8 |  22.2
        D:4 |     182 |     314 |  63.3 |      17 |       3 |  15.0
        D:5 |     722 |       0 |   0.0 |      19 |       0 |   0.0
        D:6 |     591 |     227 |  27.8 |      17 |       2 |  10.5
        D:7 |     546 |       0 |   0.0 |      12 |       0 |   0.0
        D:8 |    2304 |     981 |  29.9 |      32 |       5 |  13.5
        D:9 |    2247 |    2659 |  54.2 |      25 |      38 |  60.3
      Orc:1 |    1912 |       0 |   0.0 |      24 |       0 |   0.0
            +---------+---------+-------+---------+---------+-------
